 Dungeon Crawl Stone Soup version 0.31-a0-18-gea43df2a32 (webtiles) character file.

Game seed: 15292355728093929020

54 BlueFish the Conjurer (level 3, -2/28 HPs)
             Began as a Draconian Conjurer on May 9, 2023.
             Slain by Crazy Yiuf
             ... wielding a +3 quarterstaff of chaos
              (16 damage)
             ... on level 2 of the Dungeon.
             The game lasted 00:02:20 (1902 turns).

BlueFish the Conjurer (Draconian Conjurer)          Turns: 1902, Time: 00:02:20

Health: -2/28      AC:  5    Str:  9    XL:     3   Next: 66%
Magic:  2/6        EV: 12    Int: 20    God:
Gold:   95         SH:  0    Dex:  9    Spells: 3/6 levels left

rFire   . . .        n - +2 dagger (drain)
rCold   . . .        (no shield)
rNeg    . . .        (body armour unavailable)
rPois   .            (helmet restricted)
rElec   .            (no cloak)
rCorr   .            (no gloves)
SInv    .            (no boots)
Will    .....        (no amulet)
Stlth   ++           (no ring)
HPRegen 0.24/turn    (no ring)
MPRegen 0.10/turn

%: no passive effects
@: no status effects
A: AC +5, unfitting armour, cold-blooded
a: no special abilities


You were on level 2 of the Dungeon.
You visited 1 branch of the dungeon, and saw 2 of its levels.

You collected 95 gold pieces.

Inventory:

Hand Weapons
 c - a +0 whip
 g - a +0 short sword
 n - a +2 dagger of draining (weapon)
Scrolls
 e - a scroll of fog {unknown}
 f - a scroll of magic mapping {unknown}
 j - a scroll of vulnerability {unknown}
 k - a scroll of identify {unknown}
 m - a scroll of silence {unknown}
Potions
 a - a potion of magic
 b - a potion of curing {unknown}
 d - a potion of flight {unknown}
 h - a potion of attraction {unknown}
 i - a potion of cancellation {unknown}
 l - a potion of mutation {unknown}
 o - 2 potions of might {unknown}


   Skills:
 + Level 1.3 Fighting
 + Level 2.3 Dodging
 + Level 2.3 Stealth
 + Level 2.4 Spellcasting
 + Level 4.2 Conjurations


You had 3 spell levels left.
You knew the following spells:

 Your Spells              Type           Power      Damage    Failure   Level
a - Magic Dart            Conj           76%        1d6       2%          1
b - Searing Ray           Conj           38%        2d5       4%          2

Your spell library contained the following spells:

 Spells                   Type           Power      Damage    Failure   Level
 Dazzling Flash           Conj/Hex       20%        N/A       19%         3
 Fulminant Prism          Conj/Hex       5%         3d7       54%         4
 Iskenderun's Mystic Bla  Conj/Tloc      10%        2d4       54%         4


Dungeon Overview and Level Annotations

Branches:
Dungeon (2/15)

Altars:

Annotations:
D:2 Crazy Yiuf


Innate Abilities, Weirdness & Mutations

Your plain brown scales are hard. (AC +5)
You cannot fit into any form of body armour.
You are cold-blooded and may be slowed by cold attacks.


Message History

You kill the quokka!
A ball python comes into view.
Aiming: Magic Dart (safe; 2% risk of failure)
Press: ? - help, Q - select action, (/) - cycle Shift-Dir - straight line, f - ball python
Aim: a ball python (asleep, 100% to hit)
The magic dart hits the ball python.
The ball python is moderately wounded.
Aiming: Magic Dart (safe; 2% risk of failure)
Press: ? - help, Q - select action, (/) - cycle Shift-Dir - straight line, f/p - ball python
Aim: a ball python (moderately wounded, 100% to hit)
The magic dart hits the ball python.
You kill the ball python!
You see here an orb of mayhem.
There is an open door here.
There is an open door here.
Found a stone staircase leading up.
There is an open door here.
You open the door.
Casting: Magic Dart (safe; 2% risk of failure)
Confirm with . or Enter, or press ? or * to list all spells.
You don't know that spell.
Casting: Magic Dart (safe; 2% risk of failure)
Confirm with . or Enter, or press ? or * to list all spells.
Aiming: Searing Ray (safe; 4% risk of failure)
Press: ? - help, Shift-Dir - straight line, f - Crazy Yiuf
Aim: Crazy Yiuf, wielding a +3 quarterstaff of chaos and wearing a +2 cloak of poison resistance (wandering, hasn't noticed you, 81% to hit)
The searing ray hits Crazy Yiuf.
Crazy Yiuf is moderately wounded.
Crazy Yiuf shouts! (Press . to maintain the ray.) Crazy Yiuf screams, "Key meccalolo blue!"
The searing ray hits Crazy Yiuf.
Crazy Yiuf is moderately wounded.
Crazy Yiuf hits you with a +3 quarterstaff of chaos!
Crazy Yiuf freezes you.
The searing ray hits Crazy Yiuf.
Crazy Yiuf is heavily wounded.
Crazy Yiuf hits you with a +3 quarterstaff of chaos!
Ouch! That really hurt!
You die...

#...........##.#####..
###########.##.# #..
#.##.# #.. #####
#.##†#####.. #)..#
#........... #...#
####.####### ...
#........... #g#
#........... ♣@♣♣
#........... ♣♣.♣
#........... ♣.♣♣
##...####### ♣♣.♣
#.........# ♣♣.♣♣
#.........# ♣♣P..♣
#.........# ♣P.P.♣
##.........' #....#
#..........#
#....###..........#


You could see Crazy Yiuf.

Vanquished Creatures
  An adder (D:2)
  A worm (D:2)
  2 dart slugs
  9 endoplasms
  A giant cockroach (D:1)
  2 hobgoblins (D:1)
  5 kobolds
  A quokka (D:2)
  A ball python (D:2)
  5 bats (D:1)
  5 frilled lizards
  5 rats
38 creatures vanquished.

Notes
Turn   | Place    | Note
-------+----------+-------------------------------------------
     0 | D:1      | BlueFish the Draconian Conjurer began the quest for the
                  | Orb.
     0 | D:1      | Reached XP level 1. HP: 14/14 MP: 3/3
   257 | D:1      | Reached XP level 2. HP: 22/22 MP: 0/5
   260 | D:1      | Learned a level 2 spell: Searing Ray
   667 | D:1      | Found a faded altar of an unknown god.
   784 | D:1      | Reached skill level 1 in Fighting
  1026 | D:2      | Reached XP level 3. HP: 28/28 MP: 2/6
  1447 | D:2      | Found a runed translucent door.
  1448 | D:2      | Noticed Crazy Yiuf
  1902 | D:2      | Slain by Crazy Yiuf

Illustrated notes

Levels and vault maps discovered:
D:1:      dpeg_arrival_tiny_d, layout_loops_ring,
          shapermc_ecumenical_altar_petra
D:2:      layout_basic, uniq_crazy_yiuf_cottage

Skill      XL: |  1  2 |
---------------+-------+-----
Stealth        | 2 |  2.3
Dodging        | 2 |  2.3
Fighting       | 1 |  1.3
Spellcasting   | |  2.4
Conjurations   | |  4.2

Action                     || total
---------------------------++-------
  Melee: Whip              ||     3
         Tailslap          ||     2
         Short sword       ||    26
   Cast: Magic Dart        ||    62
         Searing Ray       ||     2
 Armour: Skin              ||     5
  Dodge: Dodged            ||    12

Table legend: (Time is in decaauts)
 A = Elapsed time spent in this place.
 B = Non-inter-level travel time spent in this place.
 C = Inter-level travel time spent in this place.
 D = Time resting spent in this place.
 E = Time spent auto-exploring this place.
 F = Levels seen in this place.
 G = Mean time per level.
                   A        B        C        D        E       F      G
               +--------+--------+--------+--------+--------+-----+--------+
         Total |   1901 |   1881 |     20 |      0 |   1688 |   2 |  950.5 |
       Dungeon |   1901 |   1881 |     20 |      0 |   1688 |   2 |  950.5 |
               +--------+--------+--------+--------+--------+-----+--------+

Top non-repeatable levels by time:
     D:1: 968 daAuts
     D:2: 932 daAuts
